 Dungeon Crawl Stone Soup version 0.31-a0-1236-gaa9e43cceb (webtiles) character file.

Game seed: 16745595840302816047

86 machnette the Trooper (level 4, -1/50 HPs)
             Began as an Ogre Berserker on Dec 15, 2023.
             Was a Believer of Trog.
             Slain by a gnoll
             ... wielding a +0 whip
              (4 damage)
             ... on level 2 of the Dungeon.
             The game lasted 00:05:19 (1796 turns).

machnette the Trooper (Ogre Berserker)              Turns: 1796, Time: 00:05:20

Health: -1/50      AC:  3    Str: 23    XL:     4   Next: 49%
Magic:  4/4        EV: 10    Int:  8    God:    Trog [**....]
Gold:   159        SH:  0    Dex:  8    Spells: 3/3 levels left

rFire   . . .        a - +0 hand axe
rCold   . . .        (no shield)
rNeg    . . .        b - +0 animal skin
rPois   .            (helmet restricted)
rElec   .            h - scarf {harm}
rCorr   .            (gloves unavailable)
SInv    .            (boots unavailable)
Will    .....        (no amulet)
Stlth   +            (no ring)
HPRegen 0.28/turn    (no ring)
MPRegen 0.09/turn

%: harm (+30% outgoing, +20% incoming)
@: brilliant
A: large, unfitting armour, tough skin 1
a: Renounce Religion, Berserk, Trog's Hand


You were on level 2 of the Dungeon.
You worshipped Trog.
Trog was pleased with you.
You visited 1 branch of the dungeon, and saw 2 of its levels.

You collected 159 gold pieces.

Inventory:

Hand Weapons
 a - a +0 hand axe (weapon)
Armour
 b - a +0 animal skin (worn)
 h - a scarf of harm (worn)
Scrolls
 c - 6 scrolls of identify {unknown}
 e - 2 scrolls of teleportation {unknown}
 g - a scroll of enchant armour {unknown}
Potions
 f - a potion of curing {unknown}


   Skills:
 + Level 5.3 Fighting
 + Level 4.3 Axes
 - Level 2.6 Dodging


You had 3 spell levels left.
You didn't know any spells.
Your spell library was empty.

Dungeon Overview and Level Annotations

Branches:
Dungeon (2/15)

Altars:
Nemelex Xobeh


Innate Abilities, Weirdness & Mutations

You are too large for most types of armour.
You have tough skin. (AC +1)


Message History

The goblin moves out of view.
The gnoll shouts!
You hear a shout!
A gnoll comes into view. It is wielding a +0 whip.
An endoplasm comes into view.
The hobgoblin hits you but does no damage.
The goblin closely misses you.
You hit the hobgoblin.
You kill the hobgoblin!
Trog accepts your kill.
You hit the goblin. The goblin hits you but does no damage.
Found a bubbling silvery potion.
The gnoll hits you with a +0 spear. The goblin hits you but does no damage.
The gnoll completely misses you.
You see here a hobgoblin corpse.
You hit the gnoll.
The gnoll is lightly wounded.
You hit the gnoll. You hit the goblin but do no damage. You hit the gnoll.
The gnoll hits you with a +0 spear. The goblin hits you but does no damage.
The gnoll hits you with a +0 flail! The gnoll hits you with a +0 whip. x2
The gnoll hits you with a +0 flail. The goblin barely misses you.
The gnoll hits you with a +0 spear.
You closely miss the gnoll.
The gnoll is lightly wounded.
You hit the gnoll but do no damage. You hit the gnoll. You hit the goblin.
The gnoll hits you with a +0 spear. The gnoll hits you with a +0 flail!
* * * LOW HITPOINT WARNING * * *
The gnoll hits you with a +0 whip.
* * * LOW HITPOINT WARNING * * *
The goblin hits you but does no damage.
You hit the gnoll.
The gnoll is severely wounded.
You hit the gnoll. You hit the goblin.
You kill the goblin!
Trog accepts your kill.
You barely miss the gnoll. The gnoll hits you with a +0 whip.
* * * LOW HITPOINT WARNING * * *
The gnoll barely misses you.
It was a potion of brilliance.
You feel clever all of a sudden. The gnoll hits you with a +0 whip.
You die...

.................#
#.................###.#
#............#..#...#.#
#.........##.#..#...#.#
.............#..#...'.#
..........#######...####
......<...##............
#.....ggg!##.####..)####
#....Jg@# #.# ###.# #
#..####.# #.# #.# #.#
#.#### #.# #.# #....#
#.# #####.#
####.###.#### #.....#
#.#....... #.#####
#####....#.### #.#
#.(......#.### #.#
#.######.#....


You could see 4 gnolls and an endoplasm.

Vanquished Creatures
  2 adders (D:2)
  2 worms (D:2)
  2 dart slugs (D:1)
  4 ball pythons
  3 bats
  4 endoplasms (D:1)
  11 goblins
  6 hobgoblins
  4 jackals (D:1)
  3 kobolds (D:1)
  A quokka (D:2)
  7 frilled lizards (D:1)
  5 rats
54 creatures vanquished.

Notes
Turn   | Place    | Note
-------+----------+-------------------------------------------
     0 | D:1      | machnette the Ogre Berserker began the quest for the Orb.
     0 | D:1      | Reached XP level 1. HP: 24/24 MP: 1/1
    98 | D:1      | Reached XP level 2. HP: 18/33 MP: 2/2
   236 | D:1      | Found a faded altar of an unknown god.
   388 | D:1      | Reached XP level 3. HP: 32/41 MP: 3/3
   612 | D:1      | Reached ** piety under Trog
   637 | D:1      | Reached skill level 5 in Fighting
  1281 | D:2      | Found a sparkling altar of Nemelex Xobeh.
  1379 | D:2      | Reached XP level 4. HP: 15/50 MP: 4/4
  1795 | D:2      | HP: 2/50 [gnoll/+0 whip (1)]
  1796 | D:2      | Slain by a gnoll

Illustrated notes

Levels and vault maps discovered:
D:1:      moated_graveyard_arrival, layout_basic, ebering_ecumenical_altar_box,
          chequers_serial_rivers_micro_b, hex_large, st_stairs_4
D:2:      layout_basic, basic_altar, minmay_pentomino_o4

Skill      XL: |  1  2  3 |
---------------+----------+-----
Fighting       | 5 |  5.3
Axes           | 4 |  4.3
Dodging        | |  2.6

Action                     |  1- 3 |  4- 6 || total
---------------------------+-------+-------++-------
  Melee: Hand axe          |   126 |    27 ||   153
    Use: Potion            |       |     2 ||     2
 Armour: Animal skin       |    99 |    37 ||   136
  Dodge: Dodged            |    76 |    28 ||   104

Table legend: (Time is in decaauts)
 A = Elapsed time spent in this place.
 B = Non-inter-level travel time spent in this place.
 C = Inter-level travel time spent in this place.
 D = Time resting spent in this place.
 E = Time spent auto-exploring this place.
 F = Levels seen in this place.
 G = Mean time per level.
                   A        B        C        D        E       F      G
               +--------+--------+--------+--------+--------+-----+--------+
         Total |   1813 |   1778 |     35 |    128 |   1255 |   2 |  906.5 |
       Dungeon |   1813 |   1778 |     35 |    128 |   1255 |   2 |  906.5 |
               +--------+--------+--------+--------+--------+-----+--------+

Top non-repeatable levels by time:
     D:1: 1167 daAuts
     D:2: 645 daAuts
